Map: Honorgrounds LE

Players

PiLiPiLi

  • Race: Protoss Protoss
  • Spawn Location: 7:00

Zest - Winner!

  • Race: Protoss Protoss
  • Spawn Location: 1:00

Event: IEM XI Katowice - World Championship 2017

VOD

Have the link to the VOD?

Description

Time

  • Played on: March 3, 2017, 7:34 a.m.
  • Length: 8:40

All games in this series

Show
View Real Time Build Order
Export as new Build Order

PiLiPiLi Protoss 

Build Orders:  

Get SALT Encoding   

  12  0:01  Probe (Chrono Boost)  
  13  0:11  Probe (Chrono Boost)  
  14  0:18  Pylon  
  14  0:22  Probe (Chrono Boost)  
  15  0:36  Probe (Chrono Boost)  
  15  0:38  Gateway  
  16  0:45  Assimilator  
  16  0:47  Probe (Chrono Boost)  
  17  0:53  Assimilator  
  17  0:57  Probe (Chrono Boost)  
  18  1:08  Probe (Chrono Boost)  
  19  1:19  Probe (Chrono Boost)  
  20  1:27  Cybernetics Core  
  20  1:29  Pylon, Probe (Chrono Boost)  
  22  1:40  Probe (Chrono Boost)  
  22  1:51  Probe (Chrono Boost)  
  23  1:56  Warp Gate  
  23  2:04  Pylon  
  23  2:05  Stalker  
  25  2:22  Robotics Facility  
  25  2:27  Gateway  
  25  2:35  Stalker  
  25  2:37  Pylon  
  29  2:53  Mothership Core (Chrono Boost)  
  29  3:06  Immortal  
  29  3:07  Gateway  
  33  3:24  Pylon  
  33  3:40  Warp Prism  
  33  3:42  Gateway  
  35  4:00  Stalker  
  37  4:04  Pylon  
  37  4:16  Stalker x2  
  40  4:35  Stalker  
  42  4:40  Adept x2  
  46  4:52  Adept  
  44  5:00  Warp Prism  
  28  5:26  Stalker x4  
  36  5:58  Adept x2  
  40  6:10  Immortal  
  40  6:18  Adept  
  36  6:36  Stalker  
  36  6:39  Pylon  
  38  6:42  Pylon  
  32  6:55  Stalker x2  
  36  7:13  Immortal  
  32  7:17  Stalker x2  
  40  7:30  Stalker  
  40  7:35  Stalker  
  44  7:40  Stalker  
  44  8:19  Stalker x2  
  48  8:21  Stalker  
Show
View Real Time Build Order
Export as new Build Order

Zest Protoss - Winner!

Build Orders: Nexus First 

Get SALT Encoding   

  12  0:01  Probe (Chrono Boost)  
  13  0:11  Probe (Chrono Boost)  
  14  0:17  Pylon  
  14  0:22  Probe (Chrono Boost)  
  16  0:35  Probe (Chrono Boost)  
  16  0:46  Probe (Chrono Boost)  
  17  0:58  Nexus  
  17  1:09  Gateway  
  17  1:11  Probe (Chrono Boost)  
  17  1:17  Assimilator  
  18  1:22  Probe (Chrono Boost)  
  18  1:25  Assimilator  
  20  1:32  Probe (Chrono Boost)  
  20  1:39  Gateway  
  20  1:43  Probe (Chrono Boost)  
  21  1:54  Probe (Chrono Boost)  
  22  1:57  Cybernetics Core  
  22  2:04  Pylon  
  22  2:07  Probe (Chrono Boost)  
  23  2:11  Probe (Chrono Boost)  
  24  2:18  Probe (Chrono Boost)  
  24  2:21  Probe (Chrono Boost)  
  26  2:28  Probe (Chrono Boost)  
  27  2:30  Warp Gate  
  27  2:32  Probe (Chrono Boost)  
  28  2:40  Stalker x2  
  32  2:47  Probe (Chrono Boost)  
  33  3:01  Robotics Facility  
  33  3:06  Stalker x2  
  37  3:17  Mothership Core (Chrono Boost)  
  38  3:32  Pylon  
  38  3:33  Stalker  
  38  3:34  Stalker  
  42  3:45  Immortal  
  42  3:49  Gateway  
  44  4:17  Pylon  
  44  4:30  Pylon, Immortal  
  48  4:40  Stalker x2  
  48  4:44  Stalker  
  44  5:06  Probe (Chrono Boost)  
  34  5:09  Stalker x2  
  34  5:11  Probe (Chrono Boost)  
  37  5:17  Probe (Chrono Boost)  
  35  5:22  Probe (Chrono Boost)  
  35  5:28  Probe (Chrono Boost)  
  36  5:33  Probe (Chrono Boost)  
  37  5:38  Probe (Chrono Boost)  
  37  5:39  Warp Prism  
  40  5:43  Probe (Chrono Boost)  
  40  5:49  Probe (Chrono Boost)  
  42  5:55  Stalker  
  42  5:57  Stalker  
  40  6:33  Probe x2 (Chrono Boost)  
  40  6:34  Stalker x3  
  46  6:43  Probe x2 (Chrono Boost)  
  48  6:53  Immortal  
  44  7:22  Probe (Chrono Boost)  
  44  7:23  Probe (Chrono Boost)  
  44  7:25  Stalker x3  
  50  7:35  Pylon  
  50  7:36  Mothership Core (Chrono Boost)  
  52  7:42  Immortal  
  54  8:22  Sentry  
  54  8:23  Zealot, Sentry  
  59  8:27  Probe x2 (Chrono Boost)  

Tags
 
Add a new tag
Caveats
  • Supply blocks, unpowered buildings, or Contaminate may cause inaccurate times.
  • Supply counts are checked every 10 seconds.